 Dungeon Crawl Stone Soup version 0.31-a0-229-g1fc7ce9 (webtiles) character file.

Game seed: 6745809629147625193

70581 Dawnplanks the Cloud Mage (level 15, -19/76 HPs)
             Began as a Tengu Air Elementalist on July 2, 2023.
             Was a High Priest of Vehumet.
             Demolished by a +1 morningstar of chaos (24 damage)
             ... on level 1 of the Lair of Beasts on July 6, 2023.
             The game lasted 01:43:43 (29390 turns).

Dawnplanks the Cloud Mage (Tengu Air Elementalist) Turns: 29390, Time: 01:43:44

Health: -19/76     AC: 19    Str: 16    XL:     15   Next: 33%
Magic:  3/45       EV: 24    Int: 27    God:    Vehumet [*****.]
Gold:   410        SH:  0    Dex: 10    Spells: 1/46 levels left

rFire   . . .        G - melded staff of air
rCold   . . .        z - melded orb {light}
rNeg    + . .        U - melded +4 skin of Zhor {*Englaciate rC+++ SInv}
rPois   ∞            P - melded +1 hat
rElec   +            w - melded +0 cloak
rCorr   .            X - melded +2 pair of gloves
SInv    .            (boots unavailable)
Will    +....        j - amulet "Urgheb" {+Inv rN+ Regen+ Str+6 Dex-5}
Stlth   ++           V - +6 ring of intelligence
HPRegen 1.12/turn    h - ring of magical power
MPRegen 0.29/turn

%: no passive effects
@: mighty, storm-form, flying quickly and evasively, quick
A: cleaving, insubstantial, flying, (beak), (talons 3), nimble flight, (poison
resistance), evolution 1
a: Blinkbolt, End Transformation, Renounce Religion, Evoke Invisibility


You were on level 1 of the Lair of Beasts.
You worshipped Vehumet.
Vehumet was extremely pleased with you.
You were a lightning-filled tempest!
You visited 4 branches of the dungeon, and saw 19 of its levels.

You collected 2683 gold pieces.
You spent 2273 gold pieces at shops.

Inventory:

Hand Weapons
 Y - the +9 dagger of the Shifting Tiger {holy, Str+6}
   (You bought it in a shop on level 2 of the Orcish Mines)

   Str:       It affects your strength (+6).
Missiles
 A - 4 curare-tipped darts
Armour
 w - a +0 cloak (melded)
 z - an orb of light (melded)
 P - a +1 hat (melded)
 U - the +4 skin of Zhor (melded) {*Englaciate rC+++ SInv}
   (You found it on level 2 of the Lair of Beasts)

   *Englaciate: It radiates cold, occasionally slowing all nearby creatures who
   are not resistant to cold.
   rC:        It renders you almost immune to cold.
   SInv:      It lets you see invisible.
 X - a +2 pair of gloves (melded)
Magical Staves
 G - a staff of air (melded)
Jewellery
 h - a ring of magical power (right fist)
 j - the amulet "Urgheb" (around neck) {+Inv rN+ Regen+ Str+6 Dex-5}
   (You found it on level 2 of the Dungeon)

   [amulet of regeneration]

   Str:       It affects your strength (+6).
   Dex:       It affects your dexterity (-5).
   rN:        It protects you from negative energy.
   +Inv:      It lets you turn invisible.
   Regen:     It increases your rate of health regeneration.
 C - a ring of positive energy
 I - a ring of see invisible
 K - a +6 ring of dexterity
 O - a ring of poison resistance
 V - a +6 ring of intelligence (left fist)
Wands
 a - a wand of mindburst (14)
 f - a wand of roots (24)
 u - a wand of flame (13)
 E - a wand of paralysis (12)
 T - a wand of polymorph (9)
Scrolls
 c - 5 scrolls of fog
 i - a scroll of revelation
 k - 5 scrolls of enchant weapon
 l - a scroll of silence
 m - 11 scrolls of teleportation
 p - 6 scrolls of noise
 q - 3 scrolls of blinking
 r - 4 scrolls of immolation
 s - 3 scrolls of enchant armour
 t - 4 scrolls of fear
 v - 2 scrolls of summoning
 y - 2 scrolls of torment
 F - 2 scrolls of poison
 H - 2 scrolls of amnesia
 J - a scroll of vulnerability
Potions
 b - 2 potions of cancellation {unknown}
 d - 5 potions of mutation
 e - 3 potions of curing
 g - 4 potions of haste
 n - 4 potions of degeneration {unknown}
 o - a potion of experience {unknown}
 x - 2 potions of enlightenment
 D - a potion of might
 L - a potion of ambrosia {unknown}
 N - a potion of berserk rage
 Q - a potion of attraction
 S - a potion of invisibility
Miscellaneous
 B - a phial of floods
 M - a sack of spiders
 W - a phantom mirror


   Skills:
 + Level 2.4 Fighting
 - Level 1.2 Short Blades
 - Level 0.8 Staves
 + Level 4.1 Dodging
 - Level 4.2 Stealth
 + Level 16.0 Spellcasting
 * Level 12.8 Conjurations
 - Level 2.7 Transmutations
 + Level 21.0 Air Magic
 + Level 3.0 Poison Magic
 + Level 0.2 Evocations


You had one spell level left.
You knew the following spells:

 Your Spells              Type           Power      Damage    Failure   Level
a - Shock                 Conj/Air       100%       1d9       0%          1
b - Swiftness             Air            94%        N/A       0%          3
c - Static Discharge      Conj/Air       100%       2-7/arc   0%          2
d - Airstrike             Air            47%        2d(7-23)  0%          4
e - Mephitic Cloud        Conj/Pois/Air  73%        N/A       1%          3
f - Vhi's Electric Charg  Tloc/Air       100%       N/A       1%          3
g - Arcjolt               Conj/Air       42%        1d52      1%          5
h - Maxwell's Capacitive  Air            47%        ∞         1%          8
i - Storm Form            Tmut/Air       36%        N/A       16%         7
j - Chain Lightning       Conj/Air       42%        3d56      47%         9

Your spell library contained the following spells:

 Spells                   Type           Power      Damage    Failure   Level
 Spellforged Servitor     Conj/Summ      27%        N/A       32%         7
 Magic Dart               Conj           100%       1d8       0%          1
 Foxfire                  Conj/Fire      100%       2x1d9     1%          1
 Sandblast                Erth           42%        2d11      1%          1
 Sting                    Tmut/Pois      100%       1d8       1%          1
 Apportation              Tloc           42%        N/A       2%          1
 Necrotise                Necr           84%        1d8       2%          1
 Summon Small Mammal      Summ           84%        N/A       2%          1
 Cigotuvi's Dreadful Rot  Necr/Pois/Air  100%       N/A       1%          2
 Momentum Strike          Conj/Tloc      100%       3d10      1%          2
 Passwall                 Tmut/Erth      24%        N/A       1%          2
 Poisonous Vapours        Pois/Air       100%       N/A       1%          2
 Scorch                   Fire           42%        2d7       1%          2
 Dazzling Flash           Conj/Hex       100%       N/A       1%          3
 Inner Flame              Hex/Fire       21%        N/A       1%          3
 Stone Arrow              Conj/Erth      100%       3d13      1%          3
 Volatile Blastmotes      Fire/Tloc      42%        2d13      1%          3
 Flame Wave               Conj/Fire      54%        2d13      1%          4
 Fulminant Prism          Conj/Hex       27%        3d14      1%          4
 Iskenderun's Mystic Bla  Conj/Tloc      54%        2d12      1%          4
 Olgreb's Toxic Radiance  Pois           38%        N/A       1%          4
 Sticky Flame             Conj/Fire      54%        2d7       1%          4
 Fireball                 Conj/Fire      27%        3d12      1%          5
 Plasma Beam              Fire/Air       34%        2x1d47    1%          6
 Blink                    Tloc           42%        N/A       3%          2
 Call Imp                 Summ           42%        N/A       3%          2
 Lesser Beckoning         Tloc           42%        N/A       3%          2
 Portal Projectile        Hex/Tloc       42%        N/A       7%          3
 Tukima's Dance           Hex            21%        N/A       7%          3
 Vampiric Draining        Necr           21%        2d7       7%          3
 Starburst                Conj/Fire      27%        6d9       7%          6
 Lee's Rapid Deconstruct  Erth           10%        3d8*      17%         5
 Blade Hands              Tmut           18%        N/A       21%         5
 Manifold Assault         Tloc           21%        N/A       22%         4
 Agony                    Necr           21%        N/A       54%         5
 Summon Cactus Giant      Summ           10%        N/A       98%         6
 Ignition                 Fire           10%        3d5       100%        8
 Summon Horrible Things   Summ           10%        N/A       100%        8


Dungeon Overview and Level Annotations

Branches:
Dungeon (11/15)            Temple (1/1) D:5            Lair (5/5) D:11
  Swamp (0/4) Lair:3       Spider (0/4) Lair:3        Slime (0/5) Lair:5
    Orc (2/2) D:9             Elf (0/3) Orc:2

Altars:
Ashenzari
Cheibriados
Dithmenos
Elyvilon
Fedhas
Gozag
Hepliaklqana
Kikubaaqudgha
Makhleb
Nemelex Xobeh
Okawaru
Qazlal
Ru
Sif Muna
Trog
Uskayaw
Vehumet
Wu Jian
Xom
Yredelemnul
Zin
The Shining One
Jiyva

Shops:
D:5 :   D:7 [   D:10 =   Orc:2 (?![[

Annotations:
Lair:1 Sodu's ghost, journeyman HOCA


Innate Abilities, Weirdness & Mutations

You are a lightning-filled tempest!
Your electrical attacks strike out in all directions at once.
You are incredibly evasive.
Your insubstantial body is immune to petrification, constriction, and being set on fire You are flying.
Your armour is entirely melded.
You are incapable of wielding weapons or throwing items.
((You have a beak for a mouth.))
((You have claws for feet.))
Your magical nature lets you fly swiftly and evasively.
((Your system is resistant to poisons. (rPois)))
You have hidden genetic potential.


Message History

The +1 morningstar of chaos hits you but does no damage.
Casting: Airstrike (safe; 0% risk of failure)
Confirm with . or Enter, or press ? or * to list all spells.
Electricity surges outward!
The ice beast is struck by an electric surge!!
You kill the ice beast!
The ice beast disappears in a puff of smoke!
The +1 morningstar of chaos hits you. The cerulean imp closely misses you.
The +1 morningstar of chaos closely misses you.
Casting: Arcjolt (safe; 1% risk of failure)
Confirm with . or Enter, or press ? or * to list all spells.
You can't see any susceptible monsters within range! (Use Z to cast anyway.) Unknown command.
Casting: Arcjolt (safe; 1% risk of failure)
Confirm with . or Enter, or press ? or * to list all spells.
Aiming: Airstrike (safe; 0% risk of failure)
Press: ? - help, Dir - move target, f/p - Sodu's ghost
Aim: Sodu's ghost, wielding a weapon of protection (moderately damaged, empty space bonus: 5/8)
The air twists around and strikes Sodu's ghost!
Sodu's ghost is heavily damaged.
The cerulean imp completely misses you. The +1 morningstar of chaos hits you!
* * * LOW HITPOINT WARNING * * *
The +1 morningstar of chaos burns you.
* * * LOW HITPOINT WARNING * * *
The cerulean imp completely misses you. The cerulean imp barely misses you.
The +1 morningstar of chaos completely misses you.
The +1 morningstar of chaos attacks as you move away!
The +1 morningstar of chaos hits you.
* * * LOW HITPOINT WARNING * * *
You feel very mighty all of a sudden.
The +1 morningstar of chaos attacks as you move away!
The +1 morningstar of chaos closely misses you.
The +1 morningstar of chaos hits you!
* * * LOW HITPOINT WARNING * * *
The +1 morningstar of chaos burns you.
* * * LOW HITPOINT WARNING * * *
The cerulean imp closely misses you. The cerulean imp completely misses you.
The +1 morningstar of chaos attacks as you move away!
The +1 morningstar of chaos hits you!!
You die...

.# ##..............# .#
#....~~~~~......# P#
##...~≈≈≈~~~....## .#
#.#)~~~≈≈≈≈≈....# .#
##.≈≈≈≈≈≈≈≈~~...# .#
#.≈≈≈≈~~≈≈~....# .##
#.~~≈~.~~≈~....## ..#
##.~~..<........## .##
#..~...v........# .######
#.###..(........#
.#.#..####.#####55.....>.########
...............#W..............##
................5..............##
....................)............
.................................
.................................
.................................


You could see a +1 morningstar of chaos, Sodu's ghost and 3 cerulean imps.

Vanquished Creatures
  Rupert (Lair:4)
  An orc warlord (Orc:1)
  A hydra (Lair:5)
  Erica (D:11)
  2 ogre magi (Orc:2)
  4 catoblepae
  8 death yaks
  9 two-headed ogres
  An orc high priest (Orc:1)
  Amaemon (Lair:2)
  A pharaoh ant (Lair:3)
  The ghost of cowcow the Digger, a novice DsMo of Gozag (D:7)
  3 skysharks
  2 deep trolls (Orc:2)
  An obsidian statue (D:9)
  The ghost of MinotaursOnly the Cleaver, a novice MiCA of Ignis (D:8)
  3 manticores
  An oklob plant (Orc:2)
  3 cyclopes (Orc:2)
  10 elephants
  6 black mambas
  A gargoyle (D:10)
  2 torpor snails
  An orange demon (Lair:2)
  Maggie (D:9)
  10 cane toads
  6 rime drakes
  17 komodo dragons
  13 trolls
  A polar bear (Lair:3)
  A hornet (D:9)
  A tarantella (Lair:3)
  11 blink frogs
  4 dream sheep (Lair:5)
  3 shadows
  5 wyverns
  A wraith (D:11)
  64 yaks
  2 basilisks
  A spriggan (Lair:4)
  A redback (Lair:3)
  A steam dragon (D:6)
  3 swamp worms (Lair:3)
  The ghost of LionelHutz the Magician, an amateur DjCj (D:4)
  Menkaure (D:4)
  3 wargs
  2 acid dragons
  15 water moccasins
  26 orc warriors
  2 sky beasts
  A black bear (D:5)
  2 ice beasts
  24 ogres
  7 wolves (Lair:5)
  A centaur (D:8)
  3 kobold brigands
  2 phantoms (D:5)
  7 bullfrogs
  2 gnoll sergeants (D:9)
  2 scorpions
  13 wights
  2 killer bees (D:9)
  The ghost of aor the Trooper, a weakling DsGl (D:6)
  A jelly (D:3)
  A howler monkey (D:5)
  5 electric eels
  2 quasits (D:4)
  2 hounds
  18 orc priests
  A gnoll bouda (D:9)
  A sleepcap (D:5)
  3 iguanas (D:5)
  Ijyb (D:4)
  Terence (D:2)
  Natasha (thrice) (D:4)
  22 orc wizards
  Robin (D:2)
  10 adders
  4 gnolls (D:9)
  A shadow imp (D:7)
  2 white imps
  An ufetubus (D:5)
  2 worms
  3 dart slugs
  73 orcs
  3 endoplasms
  2 giant cockroaches
  8 goblins
  11 hobgoblins
  4 quokkas
  6 ball pythons
  6 bats
  4 frilled lizards
  33 kobolds
  3 rats
566 creatures vanquished.

Vanquished Creatures (collateral kills)
  Gastronok (Lair:1)
  A bullfrog (Lair:1)
2 creatures vanquished.

Grand Total: 568 creatures vanquished

Notes
Turn   | Place    | Note
-------+----------+-------------------------------------------
     0 | D:1      | Dawnplanks the Tengu Air Elementalist began the quest for
                  | the Orb.
     0 | D:1      | Reached XP level 1. HP: 10/10 MP: 4/4
     0 | D:1      | Upgraded the game from 0.31-a0-217-g58bb5d7 to
                  | 0.31-a0-222-gefeffbb
   277 | D:1      | Reached XP level 2. HP: 15/15 MP: 3/6
   984 | D:1      | Reached XP level 3. HP: 19/19 MP: 5/7
   987 | D:1      | Reached skill level 5 in Air Magic
  1478 | D:2      | Identified the amulet "Urgheb" {+Inv rN+ Regen+ Str+6
                  | Dex-5}
  1565 | D:2      | Noticed Terence
  1579 | D:2      | Killed Terence
  1580 | D:2      | Reached XP level 4. HP: 24/24 MP: 0/8
  1759 | D:2      | Noticed Robin
  1766 | D:2      | Killed Robin
  1929 | D:2      | Identified the +5 short sword of Beyond {freeze, Str+3
                  | Stlth+}
  2051 | D:2      | Found a burning altar of Makhleb.
  2330 | D:3      | Found a blossoming altar of Fedhas.
  2662 | D:3      | Gained mutation: Your magical nature lets you fly swiftly
                  | and evasively. [Tengu growth]
  2662 | D:3      | Reached XP level 5. HP: 28/28 MP: 5/10
  3029 | D:3      | Learned a level 3 spell: Swiftness
  3032 | D:3      | Learned a level 2 spell: Static Discharge
  3037 | D:3      | Learned a level 4 spell: Airstrike
  3569 | D:4      | Noticed Natasha
  3579 | D:4      | Killed Natasha
  3580 | D:4      | Reached XP level 6. HP: 22/32 MP: 4/12
  3644 | D:4      | Noticed Menkaure
  3648 | D:4      | Killed Menkaure
  3649 | D:4      | Reached skill level 6 in Air Magic
  3649 | D:4      | Gained mutation: You are somewhat resistant to further
                  | mutation. [potion of mutation]
  3801 | D:4      | Found a transporter.
  3804 | D:4      | Noticed LionelHutz's ghost (amateur DjCj)
  3868 | D:4      | Found a transporter.
  4103 | D:4      | Noticed Ijyb
  4109 | D:4      | Killed Ijyb
  4180 | D:4      | Noticed Natasha
  4185 | D:4      | Killed Natasha
  4186 | D:4      | Reached skill level 5 in Conjurations
  4186 | D:4      | Reached XP level 7. HP: 36/36 MP: 7/13
  4483 | D:4      | Noticed Natasha
  4490 | D:4      | Killed Natasha
  4526 | D:5      | Entered Level 5 of the Dungeon
  4526 | D:5      | Found a staircase to the Ecumenical Temple.
  4639 | Temple   | Entered the Ecumenical Temple
  4714 | Temple   | Became a worshipper of Vehumet
  4845 | D:5      | Reached skill level 1 in Short Blades
  4976 | D:5      | Reached skill level 7 in Air Magic
  4976 | D:5      | Reached XP level 8. HP: 10/42 MP: 13/15
  5187 | D:5      | Reached skill level 5 in Spellcasting
  5293 | D:5      | Found Geudigh's Book Shoppe.
  5300 | D:5      | Bought a book of Minor Magic for 198 gold pieces
  5304 | D:5      | Learned a level 3 spell: Mephitic Cloud
  5710 | D:6      | Reached * piety under Vehumet
  5710 | D:6      | Offered knowledge of Freeze by Vehumet.
  5921 | D:6      | Reached skill level 8 in Air Magic
  6120 | D:6      | Found a runed translucent door.
  6121 | D:6      | Noticed aor's ghost (weakling DsGl)
  6284 | D:6      | Reached skill level 9 in Air Magic
  6622 | D:6      | Reached XP level 9. HP: 46/46 MP: 13/18
  6625 | D:6      | Reached skill level 1 in Poison Magic
  7512 | D:7      | Noticed cowcow's ghost (novice DsMo)
  7512 | D:7      | Found a runed translucent door.
  7576 | D:7      | Found a broken altar of Ashenzari.
  8219 | D:7      | Reached skill level 10 in Air Magic
  8293 | D:7      | Found Hutrev's Antique Armour Boutique.
  8535 | D:7      | Reached ** piety under Vehumet
  8568 | D:7      | Offered knowledge of Kiss of Death by Vehumet.
  8855 | D:8      | Reached skill level 11 in Air Magic
  8933 | D:8      | Found an ornate altar of the Wu Jian Council.
  8947 | D:8      | Reached XP level 10. HP: 38/49 MP: 2/21
  8957 | D:8      | Reached skill level 1 in Fighting
  9177 | D:8      | Found a glowing silver altar of Zin.
  9177 | D:8      | Noticed an angel
  9408 | D:8      | Found a runed translucent door.
  9408 | D:8      | Noticed MinotaursOnly's ghost (novice MiCA)
  9871 | D:9      | Offered knowledge of Scorch by Vehumet.
 10014 | D:9      | Found a snail-covered altar of Cheibriados.
 10061 | D:9      | Reached skill level 12 in Air Magic
 10265 | D:9      | Noticed Maggie
 10276 | D:9      | Killed Maggie
 10376 | D:7      | Bought an encrusted leather armour for 210 gold pieces
 10376 | D:7      | Identified the +1 leather armour of the Battered Brambles
                  | {Str+3} (You bought it in a shop on level 7 of the Dungeon)
 10461 | D:9      | Found a shadowy altar of Dithmenos.
 10466 | D:9      | Upgraded the game from 0.31-a0-222-gefeffbb to
                  | 0.31-a0-229-g1fc7ce9
 10503 | D:9      | Reached *** piety under Vehumet
 11003 | D:9      | Reached skill level 13 in Air Magic
 11308 | D:9      | Noticed an obsidian statue
 11319 | D:9      | Killed an obsidian statue
 11428 | D:9      | Got the Octavo of the Twenty Suns
 11603 | D:9      | Offered knowledge of Ignite Poison by Vehumet.
 11683 | D:9      | Reached XP level 11. HP: 57/57 MP: 19/24
 11685 | D:9      | Reached skill level 10 in Conjurations
 11732 | D:9      | Found a staircase to the Orcish Mines.
 12284 | D:10     | Entered Level 10 of the Dungeon
 12304 | D:9      | Reached skill level 14 in Air Magic
 12456 | D:10     | Noticed a two-headed ogre
 12459 | D:10     | Killed a two-headed ogre
 12943 | D:10     | Found an ancient bone altar of Kikubaaqudgha.
 12943 | D:10     | Found a hazy altar of Hepliaklqana.
 12955 | D:10     | Reached **** piety under Vehumet
 13020 | D:10     | Offered knowledge of Sticky Flame by Vehumet.
 13118 | D:10     | Found Wousu's Jewellery Boutique.
 13172 | D:10     | Found a bloodstained altar of Trog.
 13172 | D:10     | Found an iron altar of Okawaru.
 13659 | D:11     | Noticed Erica
 13676 | D:11     | Killed Erica
 13677 | D:11     | Reached skill level 10 in Spellcasting
 13731 | D:11     | Found a staircase to the Lair.
 13976 | D:11     | Found an iron altar of Okawaru.
 13993 | D:11     | Noticed a manticore
 13994 | D:11     | Reached skill level 15 in Air Magic
 14015 | D:11     | Killed a manticore
 14074 | D:11     | Reached XP level 12. HP: 53/62 MP: 6/27
 14800 | Lair:1   | Entered Level 1 of the Lair of Beasts
 15765 | D:10     | Bought a ring of magical power for 260 gold pieces
 15830 | Lair:1   | Found a runed translucent door.
 15830 | Lair:1   | Found a shimmering altar of Xom.
 15830 | Lair:1   | Noticed Sodu's ghost (journeyman HOCA)
 15891 | Lair:1   | Noticed Gastronok
 15912 | Lair:1   | Killed Gastronok
 16065 | Lair:1   | Reached skill level 16 in Air Magic
 17510 | Lair:2   | Noticed a catoblepas
 17524 | Lair:2   | Killed a catoblepas
 17675 | Lair:2   | Found the +4 skin of Zhor {*Englaciate rC+++ SInv}
 17701 | Lair:2   | Reached skill level 17 in Air Magic
 17701 | Lair:2   | Reached XP level 13. HP: 50/68 MP: 30/30
 17886 | Lair:2   | Noticed Amaemon
 17901 | Lair:2   | Killed Amaemon
 19531 | Lair:3   | Found a hole to the Spider Nest.
 19583 | Lair:3   | Reached skill level 18 in Air Magic
 19801 | Lair:3   | Reached ***** piety under Vehumet
 20114 | Lair:3   | Found a staircase to the Swamp.
 20380 | Lair:3   | You are sucked into a shaft and drop 1 floor!
 20897 | D:5      | Bought Maxwell's Memoranda for 418 gold pieces
 20901 | D:5      | Learned a level 3 spell: Vhi's Electric Charge
 20907 | D:5      | Learned a level 5 spell: Arcjolt
 20916 | D:5      | Learned a level 8 spell: Maxwell's Capacitive Coupling
 21127 | Lair:4   | Offered knowledge of Yara's Violent Unravelling by Vehumet.
 21361 | Lair:4   | Noticed Rupert
 21374 | Lair:4   | Killed Rupert
 22369 | Lair:5   | Entered Level 5 of the Lair of Beasts
 22378 | Lair:5   | Reached skill level 19 in Air Magic
 22379 | Lair:5   | Reached XP level 14. HP: 72/72 MP: 27/33
 23507 | Lair:5   | Found a viscous altar of Jiyva.
 23507 | Lair:5   | Found a staircase to the Slime Pits.
 24298 | Lair:5   | Reached skill level 15 in Spellcasting
 24313 | Lair:5   | Reached skill level 20 in Air Magic
 24556 | Lair:5   | Got the Codex of Meteoric Soot
 24599 | Lair:5   | Learned a level 7 spell: Storm Form
 24881 | Lair:5   | Gained mutation: Armour fits poorly on your strangely
                  | shaped body. [mutagenic glow]
 25186 | Orc:1    | Entered Level 1 of the Orcish Mines
 25188 | Orc:1    | Offered knowledge of Spellforged Servitor by Vehumet.
 25599 | Orc:2    | Entered Level 2 of the Orcish Mines
 25623 | Orc:2    | Found a staircase to the Elven Halls.
 25684 | Orc:2    | Lost mutation: Armour fits poorly on your strangely shaped
                  | body. [potion of mutation]
 25684 | Orc:2    | Lost mutation: You are somewhat resistant to further
                  | mutation. [potion of mutation]
 25684 | Orc:2    | Gained mutation: You have hidden genetic potential. [potion
                  | of mutation]
 25684 | Orc:2    | Gained mutation: Your system is resistant to poisons.
                  | (rPois) [potion of mutation]
 25745 | Orc:2    | Reached skill level 1 in Transmutations
 26149 | Orc:2    | Noticed an orc warlord
 26181 | Orc:1    | Killed an orc warlord
 26182 | Orc:1    | Reached XP level 15. HP: 25/76 MP: 9/35
 26787 | Orc:2    | Found Kidyec's Magic Scroll Boutique.
 26788 | Orc:2    | Found Zekhler's Armour Boutique.
 26826 | Orc:2    | Found Noabbeitiu's Antique Weapon Emporium.
 26828 | Orc:2    | Bought a scroll of identify for 24 gold pieces
 26921 | Orc:2    | Found Yxiumyij's Distillery.
 27100 | D:5      | Bought Jowynnew's Quarto of Amalgamated Gases for 506 gold
                  | pieces
 27110 | D:5      | Learned a level 9 spell: Chain Lightning
 27154 | D:7      | Bought a pair of embroidered gloves for 225 gold pieces
 27321 | Orc:2    | Found Nilok's Armour Boutique.
 28053 | Orc:2    | Bought a jewelled dagger for 126 gold pieces
 28053 | Orc:2    | Identified the +9 dagger of the Shifting Tiger {holy,
                  | Str+6} (You bought it in a shop on level 2 of the Orcish
                  | Mines)
 28053 | Orc:2    | Bought a warped flail for 153 gold pieces
 28053 | Orc:2    | Identified the +9 flail of Guile {flame, Fly Will+} (You
                  | bought it in a shop on level 2 of the Orcish Mines)
 28053 | Orc:2    | Bought a faintly glowing war axe for 153 gold pieces
 28053 | Orc:2    | Identified the +2 war axe "Figruq" {heavy, Stlth+} (You
                  | bought it in a shop on level 2 of the Orcish Mines)
 28599 | D:4      | Killed LionelHutz's ghost
 28842 | D:6      | Killed aor's ghost
 28916 | D:7      | Killed cowcow's ghost
 28917 | D:7      | Reached skill level 21 in Air Magic
 29147 | D:8      | Killed MinotaursOnly's ghost
 29390 | Lair:1   | Demolished by a +1 morningstar of chaos

Illustrated notes

Levels and vault maps discovered:
D:1:      roderic_chinese_lattice_arrival, layout_loops_ring, st_stairs_1
D:2:      layout_loops_ring, basic_altar, uniq_robin, uniq_terence
D:3:      layout_basic, fedhas_altar_2
D:4:      layout_basic, gammafunk_ghost_stat_death, minmay_misc_feat_rugged,
          uniq_ijyb, uniq_natasha, uniq_menkaure
D:5:      layout_basic, minmay_temple_entry_statues_fountains, serial_shops,
          nicolae_shop_rolling_square
D:6:      kennysheep_kobold_camp, layout_loops_corners, serial_rivers,
          chequers_serial_rivers_large_a, chequers_serial_rivers_micro_e,
          chequers_serial_rivers_marsh, chequers_serial_rivers_marsh,
          chequers_serial_rivers_marsh, chequers_serial_rivers_micro_a,
          gammafunk_ghost_grave
D:7:      layout_gridville, ashenzari_altar_1, serial_shops,
          nicolae_shop_dealshenge, gammafunk_ghost_grave,
          minmay_misc_feat_cross, kennysheep_windowed_goal
D:8:      layout_cave_pods, zin_angel, lemuel_doored_altar,
          hellmonk_ghost_happy_afterlife, minmay_misc_feat_square
D:9:      minmay_razor_zed, layout_long_grid, slow_altar_2,
          nicolae_dithmenos_the_darkroom, erik_orc_2, serial_glass,
          glass_columns_b, glass_columns_b, minivault_15, uniq_maggie
D:10:     nicolae_cairo_tiling_very_big, layout_basic,
          grunt_temple_overflow_bloody_war, gammafunk_temple_overflow_wave,
          serial_shops, nicolae_square_shop, st_stairs_8
D:11:     layout_long_grid, david_lair_shrubbed, okawaru_ov_weapons_minmay,
          uniq_erica
Temple:   nicolae_temple_ecumenical_triangle
Lair:1:   layout_hall_layers, ebering_ghost_xom, infiniplex_staircase_pool,
          uniq_gastronok
Lair:2:   layout_small_grid, hellmonk_guarded_unrand_zhor, uniq_amaemon
Lair:3:   layout_chaotic_city, nicolae_swamp_entry_splash_gauntlet,
          nicolae_spider_entry_lesser_pyramids, lemuel_fruit_tree,
          serial_bayou_shore_b
Lair:4:   gammafunk_indiana_jones, layout_small_grid,
          grunt_forest_large_clearing_hut, lemuel_fruit_fields,
          infiniplex_staircase_pool_2, uniq_rupert
Lair:5:   evilmike_catoblepas_cave, layout_cave_shapes,
          dpeg_slime_entry_enclosed, minmay_hedge_maze
Orc:1:    layout_caves, mines2_david
Orc:2:    st_orc_open, layout_diamond_mine, serial_shops, shop, mines3_lemuel

Skill      XL: |  1  2  3  4  5  6  7  8  9 10 11 12 13 14 15 |
---------------+----------------------------------------------+-----
Air Magic      | 5 6 7 9 11 13 15 17 19 20 21 | 21.0
Conjurations   | 2 3 5 6 7 9 11 12 | 12.8
Spellcasting   | 3 4 5 7 8 10 12 14 15 16 | 16.0
Stealth        | 3 4 |  4.2
Short Blades   | 1 |  1.2
Poison Magic   | 1 2 3 |  3.0
Dodging        | 3 4 |  4.1
Fighting       | 1 2 |  2.4
Transmutations | 1 2 |  2.7
Staves         | |  0.8
Evocations     | |  0.2

Action                     |  1- 3 |  4- 6 |  7- 9 | 10-12 | 13-15 || total
---------------------------+-------+-------+-------+-------+-------++-------
  Melee: Unarmed           |     8 |       |       |       |       ||     8
         Kick              |     4 |     3 |     6 |    19 |     1 ||    33
         Peck              |     3 |     3 |     4 |     8 |     3 ||    21
         Short sword       |       |    11 |    31 |    15 |     4 ||    61
         Flail             |       |     1 |       |       |       ||     1
         Staff             |       |       |     2 |    29 |     2 ||    33
   Cast: Shock             |    69 |    99 |   186 |   338 |    79 ||   771
         Static Discharge  |       |     3 |    17 |    27 |    17 ||    64
         Mephitic Cloud    |       |       |     7 |    13 |    22 ||    42
         Airstrike         |       |       |    26 |   167 |   351 ||   544
         Arcjolt           |       |       |       |       |    76 ||    76
         Maxwell's Capacit |       |       |       |       |     2 ||     2
         Storm Form        |       |       |       |       |     5 ||     5
Ability: End Transformatio |       |       |       |       |     1 ||     1
  Evoke: Wand              |       |       |       |     2 |       ||     2
    Use: Potion            |       |     1 |     3 |     6 |     5 ||    15
         Scroll            |       |       |     7 |    10 |     7 ||    24
   Stab: Confused          |       |       |       |     2 |       ||     2
 Armour: Robe              |     4 |       |     5 |       |       ||     9
         Skin              |       |       |     4 |    11 |     7 ||    22
         Steam dragon scal |       |       |     1 |    27 |     4 ||    32
         Animal skin       |       |       |       |       |    24 ||    24
  Dodge: Dodged            |    24 |     7 |    35 |    98 |    70 ||   234

Table legend: (Time is in decaauts)
 A = Elapsed time spent in this place.
 B = Non-inter-level travel time spent in this place.
 C = Inter-level travel time spent in this place.
 D = Time resting spent in this place.
 E = Time spent auto-exploring this place.
 F = Levels seen in this place.
 G = Mean time per level.
                   A        B        C        D        E       F      G
               +--------+--------+--------+--------+--------+-----+--------+
         Total |  28058 |  25196 |   2862 |   1145 |  20807 |  19 | 1476.7 |
       Dungeon |  16104 |  14215 |   1889 |    319 |  12091 |  11 | 1464.0 |
        Temple |     94 |     79 |     15 |      0 |     73 |   1 |   94.0 |
          Lair |   9094 |   8412 |    682 |    528 |   6790 |   5 | 1818.8 |
  Orcish Mines |   2765 |   2490 |    275 |    298 |   1852 |   2 | 1382.5 |
               +--------+--------+--------+--------+--------+-----+--------+

Top non-repeatable levels by time:
     D:9: 2759 daAuts
  Lair:2: 2342 daAuts
  Lair:5: 2263 daAuts
     D:6: 2084 daAuts
  Lair:1: 1914 daAuts
   Orc:2: 1728 daAuts
    D:11: 1626 daAuts
  Lair:4: 1526 daAuts
     D:7: 1450 daAuts
     D:8: 1391 daAuts
    D:10: 1267 daAuts
     D:4: 1249 daAuts
     D:1: 1201 daAuts
     D:2: 1085 daAuts
  Lair:3: 1048 daAuts
